 Dungeon Crawl Stone Soup version 0.30.1-11-g7821555f0a (webtiles) character file.

Game seed: 2163455686714918407

1234 Scypho the Cleaver (level 8, 0/64 HPs)
             Began as a Minotaur Fighter on Dec 1, 2023.
             Slain by a kobold brigand
             ... wielding a +3 short sword of electrocution
              (3 damage)
             ... in a sewer.
             The game lasted 00:09:56 (3900 turns).

Scypho the Cleaver (Minotaur Fighter)               Turns: 3900, Time: 00:09:56

Health: 0/64       AC: 10    Str: 28    XL:     8   Next: 24%
Magic:  0/7        EV:  9    Int:  5    God:
Gold:   257        SH:  5    Dex: 15    Spells: 7/7 levels left

rFire   . . .        a - +0 war axe
rCold   . . .        c - +0 buckler
rNeg    + . .        b - +0 scale mail
rPois   .            (helmet restricted)
rElec   +            (no cloak)
rCorr   .            (no gloves)
SInv    .            (no boots)
Will    .....        g - amulet of guardian spirit Stlth
                     l - ring "Ruggu Ibo" {rElec rN+ Str+6 Int-2 Dex+6}
HPRegen 0.30/turn    m - +4 ring of protection
MPRegen 0.10/turn

%: guardian spirit
@: lethally poisoned (0 -> -32), slowed, very slow
A: horns 2, retaliatory headbutt
a: no special abilities


You were in a sewer.
You visited 1 branch of the dungeon, and saw 5 of its levels.
You also visited: Sewer.

You collected 257 gold pieces.

Inventory:

Hand Weapons
 a - a +0 war axe (weapon)
Missiles
 o - 2 javelins (quivered)
 p - 8 boomerangs
Armour
 b - a +0 scale mail (worn)
 c - a +0 buckler (worn)
 e - a +0 kite shield
 v - a +0 cloak
Jewellery
 g - an amulet of guardian spirit (around neck)
 l - the ring "Ruggu Ibo" (left hand) {rElec rN+ Str+6 Int-2 Dex+6}
   (You found it on level 2 of the Dungeon)

   [ring of strength]

   Str:       It affects your strength (+6).
   Int:       It affects your intelligence (-2).
   Dex:       It affects your dexterity (+6).
   rElec:     It insulates you from electricity.
   rN:        It protects you from negative energy.
 m - a +4 ring of protection (right hand)
Wands
 n - a wand of paralysis (7)
Scrolls
 d - a scroll of torment {unknown}
 f - 4 scrolls of magic mapping
 h - a scroll of amnesia {unknown}
 i - 4 scrolls of identify
 k - a scroll of noise {unknown}
 r - a scroll of poison {unknown}
 s - a scroll of immolation
 w - 3 scrolls of enchant armour {unknown}
 x - a scroll of acquirement {unknown}
Potions
 j - a potion of resistance {unknown}
 q - 2 potions of lignification {unknown}
 t - a potion of curing
 z - a potion of cancellation {unknown}


   Skills:
 - Level 3.6 Fighting
 + Level 12.0 Axes
 - Level 3.6 Armour
 - Level 3.6 Shields


You had 7 spell levels left.
You didn't know any spells.
Your spell library contained the following spells:

 Spells                   Type           Power      Damage    Failure   Level
 Frozen Ramparts          Ice            0%         1d1       99%         3
 Ice Form                 Ice/Tmut       0%         N/A       100%        4
 Summon Ice Beast         Ice/Summ       0%         N/A       100%        4


Dungeon Overview and Level Annotations

Branches:
Dungeon (5/15)              Sewer (1/1)
 Temple: D:4-7

Altars:


Innate Abilities, Weirdness & Mutations

You have a pair of horns on your head.
You reflexively headbutt those who attack you in melee.


Message History

You feel very sick.
You feel sick.
You feel sick.
You are no longer poisoned.
The kobold brigand throws a curare-tipped dart.
The curare-tipped dart barely misses you.
The kobold brigand throws a curare-tipped dart.
The curare-tipped dart closely misses you.
You feel better.
The kobold brigand throws a curare-tipped dart.
The curare-tipped dart closely misses you.
The kobold brigand closely misses you.
You barely miss the kobold brigand.
You headbutt the kobold brigand, but do no damage.
You feel yourself speed up.
The kobold brigand throws a curare-tipped dart.
The curare-tipped dart hits you.
You are poisoned.
You have difficulty breathing.
* * * LOW HITPOINT WARNING * * *
You feel yourself slow down.
The kobold brigand hits you with a +3 short sword of electrocution.
* * * LOW HITPOINT WARNING * * *
You barely miss the kobold brigand.
You feel very sick.
The kobold brigand throws a curare-tipped dart.
The curare-tipped dart hits you.
You are lethally poisoned!
You have difficulty breathing.
* * * LOW HITPOINT WARNING * * *
You feel as though you will be slow longer.
You block the kobold brigand's attack.
The kobold brigand throws a curare-tipped dart.
The curare-tipped dart hits you.
You are more poisoned.
You have difficulty breathing.
* * * LOW HITPOINT WARNING * * *
You feel as though you will be slow longer.
The kobold brigand hits you with a +3 short sword of electrocution.
You die...

##~.~.~~.~~##..K~####~KK.~#
.~.~~~~..~....~.## #####.~K~.
..~~~~..~..~...## ###
~~......~.~~.~~#
~~~.~∩.∩.~~~~~~#
..~~.......~~~~#
~.~..~.~.~~.~~~## #######
.~~.~.~..~~~~~KK## #####~~~~.#
##~~...~.~~##~~~@####.~.~.#####
###~..~~.~####.~...~~~###~~~~.#
##.~.~...## #~~~~~~~)# #######
##~~~~~.~~.####..~~.~.###.~~~.#
~~..~~~.~~~~.########~~.÷~#####
~~~.#####.~~~.# #####~~~~.#
.~~## ##.~.~# ####### ~.##
##~~~# ~~# #.~~#


You could see 2 kobold brigands.

Vanquished Creatures
  Sigmund (D:4)
  9 kobold brigands (Sewer)
  A scorpion (D:4)
  4 hounds
  2 iguanas (D:4)
  4 gnolls (D:5)
  A river rat (Sewer)
  7 adders
  8 worms
  3 dart slugs
  2 orcs
  3 bats
  10 endoplasms
  A giant cockroach (D:2)
  7 goblins
  5 hobgoblins
  12 jackals
  5 quokkas
  6 ball pythons
  2 frilled lizards (D:1)
  14 kobolds
  12 rats
119 creatures vanquished.

Notes
Turn   | Place    | Note
-------+----------+-------------------------------------------
     0 | D:1      | Scypho the Minotaur Fighter began the quest for the Orb.
     0 | D:1      | Reached XP level 1. HP: 19/19 MP: 0/0
    11 | D:1      | Reached skill level 3 in Axes
    51 | D:1      | Reached XP level 2. HP: 17/26 MP: 1/1
   221 | D:1      | Reached skill level 4 in Axes
   344 | D:1      | Reached XP level 3. HP: 31/31 MP: 2/2
   903 | D:2      | Identified the ring "Ruggu Ibo" {rElec rN+ Str+6 Int-2
                  | Dex+6}
   958 | D:2      | Reached skill level 5 in Axes
  1013 | D:2      | Reached XP level 4. HP: 39/39 MP: 3/3
  1883 | D:3      | Reached skill level 6 in Axes
  2269 | D:4      | Reached XP level 5. HP: 45/45 MP: 4/4
  2397 | D:4      | Reached skill level 7 in Axes
  2399 | D:4      | Noticed Sigmund
  2410 | D:4      | Killed Sigmund
  2411 | D:4      | Reached skill level 8 in Axes
  2411 | D:4      | Reached XP level 6. HP: 48/51 MP: 5/5
  2487 | D:4      | Reached skill level 9 in Axes
  2724 | D:5      | Entered Level 5 of the Dungeon
  2895 | D:5      | Reached XP level 7. HP: 50/57 MP: 4/6
  2927 | D:5      | Found a glowing drain.
  2948 | Sewer    | Entered a sewer
  3163 | Sewer    | Reached skill level 10 in Axes
  3553 | Sewer    | Reached skill level 11 in Axes
  3641 | Sewer    | Reached XP level 8. HP: 64/64 MP: 7/7
  3735 | Sewer    | Reached skill level 12 in Axes
  3900 | Sewer    | HP: 3/64 [asphyx]
  3900 | Sewer    | Slain by a kobold brigand

Illustrated notes

Levels and vault maps discovered:
D:1:      lightli_arrival_boilingwater, layout_loops_cross
D:2:      layout_basic
D:3:      layout_basic
D:4:      layout_basic, uniq_sigmund
D:5:      layout_loops_ring, mainiacjoe_overflow_paths,
          cheibrodos_sewer_entry_drain, hellmonk_ghost_happy_afterlife,
          item_on_display_a
Sewer:    sewer_co_tree

Skill      XL: |  1  2  3  4  5  6  7  8 |
---------------+-------------------------+-----
Axes           | 3 4 5 6 8 9 11 12 | 12.0
Fighting       | |  3.6
Armour         | |  3.6
Shields        | |  3.6

Action                     |  1- 3 |  4- 6 |  7- 9 || total
---------------------------+-------+-------+-------++-------
  Melee: War axe           |    90 |    94 |   104 ||   288
         Headbutt          |     7 |    12 |    13 ||    32
    Use: Potion            |       |     1 |     1 ||     2
         Scroll            |       |     4 |     1 ||     5
 Armour: Scale mail        |    25 |    39 |    33 ||    97
  Dodge: Dodged            |    39 |    31 |    28 ||    98
  Block: Buckler           |    16 |    24 |    19 ||    59
